 Dungeon Crawl Stone Soup version 0.32-a0-314-g526f7d4993 (webtiles) character file.

Game seed: 11024848651550616814

37 lunkers the Firebug (level 3, -4/26 HPs)
             Began as a Mountain Dwarf Fire Elementalist on Feb 15, 2024.
             Slain by a cerulean imp
             ... wielding a +2 spear
             ... summoned by Natasha
              (5 damage)
             ... on level 2 of the Dungeon.
             The game lasted 00:01:19 (1180 turns).

lunkers the Firebug (MDFE)                          Turns: 1180, Time: 00:01:20

Health: -4/26      AC:  2    Str: 10    XL:     3   Next: 23%
Magic:  0/6        EV: 11    Int: 17    God:
Gold:   68         SH:  0    Dex: 10    Spells: 3/6 levels left

rFire   . . .        (no weapon)
rCold   . . .        (no shield)
rNeg    . . .        a - +0 robe
rPois   .            (no helmet)
rElec   .            (no cloak)
rCorr   .            (no gloves)
SInv    .            (no boots)
Will    .....        (no amulet)
Stlth   ++           (no ring)
HPRegen 0.24/turn    (no ring)
MPRegen 0.10/turn

%: no passive effects
@: no status effects
A: runic magic, artefact enchanting
a: no special abilities


You were on level 2 of the Dungeon.
You visited 1 branch of the dungeon, and saw 2 of its levels.

You collected 68 gold pieces.

Inventory:

Armour
 a - a +0 robe (worn)
Jewellery
 d - an amulet of faith
Scrolls
 e - a scroll of noise {unknown}
 g - a scroll of blinking {unknown}
 h - a scroll of revelation {unknown}
Potions
 b - 2 potions of magic
 c - a potion of might {unknown}
 f - a potion of haste {unknown}
 i - a potion of curing {unknown}


   Skills:
 - Level 1.3 Dodging
 - Level 1.4 Stealth
 + Level 2.3 Spellcasting
 - Level 0.8 Conjurations
 * Level 4.8 Fire Magic


You had 3 spell levels left.
You knew the following spells:

 Your Spells              Type           Power      Damage    Failure   Level
a - Foxfire               Conj/Fire      44%        2x1d6     6%          1
b - Scorch                Fire           36%        2d6       3%          2

Your spell library contained the following spells:

 Spells                   Type           Power      Damage    Failure   Level
 Inner Flame              Hex/Fire       10%        N/A       21%         3
 Volatile Blastmotes      Fire/Tloc      20%        2d11      21%         3
 Flame Wave               Conj/Fire      11%        2d6       50%         4


Dungeon Overview and Level Annotations

Branches:
Dungeon (2/15)

Altars:

Annotations:
D:2 Natasha


Innate Abilities, Weirdness & Mutations

Your spellcasting is much less encumbered by armour.
You can use scrolls of enchantment on lesser artefacts.


Message History

The quokka bites you but does no damage.
Natasha casts a spell at you. The magic dart hits you!
There are monsters nearby!
Casting: Scorch (safe; 4% risk of failure)
Confirm with . or Enter, or press ? or * to list all spells.
Flames lash the quokka.
The quokka is burned terribly!
You kill the quokka!
Unknown command.
Casting: Foxfire (safe; 6% risk of failure)
Press: ? - help, Q - select action, (/) - cycle Dir - look around, f - activate You conjure some foxfire!
Casting: Foxfire (safe; 6% risk of failure)
Press: ? - help, Q - select action, (/) - cycle Dir - look around, f - activate You conjure some foxfire!
* * * LOW MAGIC WARNING * * *
Natasha casts a spell.
The foxfire hits Natasha.
Natasha is moderately wounded.
The foxfire hits the cerulean imp.
The cerulean imp is moderately wounded.
Unknown command.
The foxfire hits the cerulean imp but does no damage.
The cerulean imp is moderately wounded.
The foxfire hits the cerulean imp but does no damage.
The cerulean imp is moderately wounded.
Natasha casts a spell at you. The magic dart hits you!
* * * LOW HITPOINT WARNING * * *
The cerulean imp attacks as it pursues you!
The cerulean imp hits you from afar with a +2 spear.
* * * LOW HITPOINT WARNING * * *
The cerulean imp attacks as it pursues you!
The cerulean imp hits you from afar with a +2 spear.
* * * LOW HITPOINT WARNING * * *
The cerulean imp hits you from afar with a +2 spear.
* * * LOW HITPOINT WARNING * * *
Unknown command.
The cerulean imp hits you from afar with a +2 spear.
You die...

..#####.# ..#....#
......# #....#
##....#
.##.....########
#.......h...)..#
#......†.5####.######
#..?.......@.......>#
##......######.####.#
#.#...###.....# #
##.# #.##### ... #.#
.### #.# #.# #.#
#.####


You could see Natasha and a cerulean imp (summoned).

Vanquished Creatures
  2 dart slugs
  5 endoplasms
  A hobgoblin (D:1)
  3 jackals (D:1)
  A quokka (D:2)
  3 ball pythons (D:1)
  2 frilled lizards (D:1)
  2 rats (D:1)
19 creatures vanquished.

Vanquished Creatures (others)
  28 foxfires
28 creatures vanquished.

Grand Total: 47 creatures vanquished

Notes
Turn   | Place    | Note
-------+----------+-------------------------------------------
     0 | D:1      | lunkers the Mountain Dwarf Fire Elementalist began the
                  | quest for the Orb.
     0 | D:1      | Reached XP level 1. HP: 14/14 MP: 3/3
   172 | D:1      | Reached skill level 4 in Fire Magic
   214 | D:1      | Reached XP level 2. HP: 20/20 MP: 0/5
   345 | D:1      | Learned a level 2 spell: Scorch
   877 | D:1      | Reached XP level 3. HP: 18/26 MP: 2/6
   926 | D:1      | Found a faded altar of an unknown god.
  1171 | D:2      | Noticed Natasha
  1179 | D:2      | HP: 1/26 [cerulean imp/+2 spear[Natasha] (2)]
  1180 | D:2      | Slain by a cerulean imp

Illustrated notes

Levels and vault maps discovered:
D:1:      nzn_arrival_crosshair, layout_loops_ring,
          dreamdust_ecumenical_altar_statues
D:2:      layout_loops_ring, uniq_natasha

Skill      XL: |  1 |
---------------+----+-----
Spellcasting   | 2 |  2.3
Fire Magic     | 4 |  4.8
Dodging        | |  1.3
Stealth        | |  1.4
Conjurations   | |  0.8

Action                     || total
---------------------------++-------
  Melee: Unarmed           ||    19
   Cast: Foxfire           ||    39
         Scorch            ||     4
 Armour: Robe              ||    23
  Dodge: Dodged            ||    15

Table legend: (Time is in decaauts)
 A = Elapsed time spent in this place.
 B = Non-inter-level travel time spent in this place.
 C = Inter-level travel time spent in this place.
 D = Time resting spent in this place.
 E = Time spent auto-exploring this place.
 F = Levels seen in this place.
 G = Mean time per level.
                   A        B        C        D        E       F      G
               +--------+--------+--------+--------+--------+-----+--------+
         Total |   1179 |   1125 |     54 |      0 |    970 |   2 |  589.5 |
       Dungeon |   1179 |   1125 |     54 |      0 |    970 |   2 |  589.5 |
               +--------+--------+--------+--------+--------+-----+--------+

Top non-repeatable levels by time:
     D:1: 1053 daAuts
     D:2: 126 daAuts
